 Dungeon Sprint DCSS version 0.29-a0-320-g9f8742066b (webtiles) character file.

Game seed: 10097529345054467556

15231 mhtbhm the Impaler (level 11, -5/117 HPs)
             Began as a Minotaur Fighter on Apr 2, 2022.
             Was the Champion of Makhleb.
             Hit by a large rock thrown by a stone giant (46 damage)
             ... in the Dungeon (Sprint IX: "|||||||||||||||||||||||||||||").
             The game lasted 00:07:00 (4651 turns).

mhtbhm the Impaler (Minotaur Fighter)               Turns: 4651, Time: 00:07:01

Health: -5/117     AC: 21    Str: 28    XL:     11   Next: 99%
Magic:  19/19      EV: 11    Int:  5    God:    Makhleb [******]
Gold:   93         SH:  0    Dex: 10    Spells: 10/10 levels left

rFire   . . .      SeeInvis .   x - +1 glaive (venom)
rCold   + . .      Faith    .   (shield currently unavailable)
rNeg    . . .      Spirit   .   b - +2 chain mail {rPois}
rPois   +          Reflect  .   (helmet restricted)
rElec   .          Harm     .   v - +0 cloak
rCorr   .          Rampage  .   w - +0 pair of gloves
Will    .....      NoTele   +   n - +0 pair of boots
Stlth   ..........              (no amulet)
HPRegen 0.29/turn               G - ring of protection from cold
MPRegen 0.16/turn               o - +3 ring of strength

@: no status effects
A: horns 2, retaliatory headbutt
a: Renounce Religion, Minor Destruction, Lesser Servant of Makhleb, Major
Destruction, Greater Servant of Makhleb


You were in the Dungeon.
You worshipped Makhleb.
Makhleb was exalted by your worship.
You visited 1 branch You collected 1933 gold pieces.
You spent 1840 gold pieces at shops.

Inventory:

Hand Weapons
 a - a +4 spear of venom
 x - a +1 glaive of venom (weapon)
Armour
 b - a +2 chain mail of poison resistance (worn)
 c - a +0 buckler
 n - a +0 pair of boots (worn)
 q - the +1 pair of gloves of Narcissism {Int+6}
   (You bought it in a shop in the Dungeon)

   Int:       It affects your intelligence (+6).
 v - a +0 cloak (worn)
 w - a +0 pair of gloves (worn)
 D - a +3 scale mail of fire resistance
 E - a +2 chain mail of cold resistance
Jewellery
 o - a +3 ring of strength (right hand)
 F - a ring of resist corrosion
 G - a ring of protection from cold (left hand)
 H - a ring of protection from cold
 I - a ring of protection from cold
Wands
 m - a wand of iceblast (3)
Scrolls
 l - 2 scrolls of amnesia
 r - 4 scrolls of fog
 t - 2 scrolls of enchant armour
 y - 2 scrolls of blinking
 B - a scroll of identify {unknown}
 C - 2 scrolls of fear
Potions
 d - 2 potions of might
 e - a potion of invisibility
 f - a potion of heal wounds
 g - a potion of haste
 h - 4 potions of magic
 i - a potion of brilliance
 j - 3 potions of mutation
 u - 5 potions of curing
 z - a potion of flight {unknown}
 A - a potion of ambrosia {unknown}
 J - a potion of berserk rage
Miscellaneous
 k - a piece from Xom's chessboard (15/15)
 s - a tin of tremorstones (2/2)


   Skills:
 + Level 17.2 Fighting
 + Level 18.6 Polearms
 + Level 16.5 Armour
 + Level 6.4 Dodging
 + Level 1.5 Stealth
 + Level 12.5 Shields
 + Level 1.0 Unarmed Combat
 * Level 12.9 Invocations
 + Level 4.2 Evocations


You had 10 spell levels left.
You didn't know any spells.
Your spell library was empty.

Dungeon Overview and Level Annotations

Branches:
Dungeon (1/1)

Altars:
Cheibriados
Dithmenos
Elyvilon
Fedhas
Gozag
Hepliaklqana
Kikubaaqudgha
Makhleb
Nemelex Xobeh
Okawaru
Qazlal
Ru
Sif Muna
Trog
Uskayaw
Vehumet
Wu Jian
Xom
Yredelemnul
Zin
The Shining One
Beogh
Jiyva
Lugonu

Shops:
D *(*[


Innate Abilities, Weirdness & Mutations

You have a pair of horns on your head.
You reflexively headbutt those who attack you in melee.


Message History

The burst of rock shards engulfs you.
The rakshasa weaves an illusion.
The stone giant throws a large rock.
The large rock hits you!!
* * * LOW HITPOINT WARNING * * *
Your tin of tremorstones (2/2) has regained one charge.
Your Unarmed Combat skill increases to level 1!
Unknown command.
Unknown command.
Unknown command.
Unknown command.
Okay, then.
You feel much better.
You hit the stone giant but do no damage.
The stone giant is poisoned.
The stone giant is lightly wounded.
The stone giant closely misses you.
Unknown command.
As you read the scroll of fear, it crumbles to dust.
You assume a fearsome visage.
The rakshasa resists with almost no effort.
The brown ugly thing looks frightened!
The ice dragon looks frightened!
The stone giant resists with some effort.
The basilisk looks frightened! x2; The stone giant closely misses you.
Cornered, the brown ugly thing turns to fight!
Cornered, the basilisk turns to fight! x2
As you read the scroll of fear, it crumbles to dust.
You assume a fearsome visage.
The brown ugly thing looks frightened!
The stone giant looks frightened!
The basilisk looks frightened! x2
Cornered, the ice dragon turns to fight!
Cornered, the brown ugly thing turns to fight!
Cornered, the basilisk turns to fight!
The stone giant yells at you, "GO AWAY!"
Cornered, the stone giant turns to fight!
There is an open door to the Dungeon here.
You see here a +3 ring of dexterity.
The stone giant looks more healthy.
The stone giant throws a large rock.
The large rock closely misses you.
The stone giant throws a large rock.
The large rock barely misses you.
The stone giant throws a large rock.
The large rock hits you!!!
You die...

▓.▓.▓.▓.▓.▓.▓D▓
▓.▓.▓.▓.▓.▓.▓C▓
▓'▓.▓'▓.▓)▓.▓=▓
▓_▓.▓.▓.▓)▓.▓.▓
▓_▓.▓.▓.▓.▓.▓.▓
▓_▓.▓.▓.▓)▓.▓.▓
▓_▓.▓.▓.▓.▓.▓.▓
▓_▓.▓.▓.▓.▓.▓.▓
▓_▓.▓.▓.▓.▓.▓@▓
▓_▓.▓.▓.▓)▓.▓.▓
▓_▓.▓.▓.▓.▓.▓.▓
▓_▓.▓.▓.▓.▓.▓.▓
▓_▓.▓'▓.▓.▓.▓[▓
▓_▓.▓.▓.▓)▓.▓[▓
▓_▓.▓.▓.▓)▓.▓[▓
▓_▓.▓.▓.▓)▓.▓[▓
▓_▓.▓.▓.▓)▓.▓[▓


You could see a stone giant.

Vanquished Creatures
  A fire giant (D)
  A rakshasa (D)
  A boulder beetle (D)
  A centaur warrior (D)
  A death yak (D)
  An orc high priest (D)
  5 orc knights (D)
  2 orc sorcerers (D)
  2 ugly things (D)
  An elephant (D)
  A guardian serpent (shapeshifter) (D)
  A black mamba (D)
  3 cane toads (D)
  A rime drake (D)
  Psyche (D)
  An efreet (D)
  A komodo dragon (D)
  A troll (D)
  A hornet (D)
  5 polar bears (D)
  Eustachio (D)
  A basilisk (D)
  2 wraiths (D)
  3 yaks (D)
  2 vampire mosquitoes (D)
  3 water moccasins (D)
  10 orc warriors (D)
  4 black bears (D)
  A wolf (D)
  An ogre (D)
  2 bullfrogs (D)
  A gnoll sergeant (D)
  A necrophage (D)
  A scorpion (D)
  A howler monkey (D)
  3 orc priests (D)
  3 orc wizards (D)
  An adder (D)
  An adder simulacrum (D)
  15 orcs (D)
  A goblin (D)
  A jackal (D)
  A ball python (D)
  A bat (D)
  A bat simulacrum (D)
  A frilled lizard (D)
95 creatures vanquished.

Notes
Turn   | Place    | Note
-------+----------+-------------------------------------------
     0 | D        | mhtbhm the Minotaur Fighter began the quest for the Orb.
     0 | D        | Reached XP level 1. HP: 19/19 MP: 0/0
    19 | D        | Noticed an ogre
    19 | D        | Noticed a necrophage
    19 | D        | Noticed a scorpion
    28 | D        | Killed a scorpion
    29 | D        | Reached skill level 3 in Polearms
    29 | D        | Reached skill level 5 in Armour
    29 | D        | Reached skill level 5 in Shields
    29 | D        | Reached XP level 2. HP: 29/31 MP: 1/1
    29 | D        | Reached XP level 3. HP: 36/38 MP: 2/2
    33 | D        | Reached skill level 4 in Polearms
    33 | D        | Reached XP level 4. HP: 44/45 MP: 3/3
    39 | D        | Killed a necrophage
    40 | D        | Reached skill level 5 in Polearms
    40 | D        | Reached skill level 1 in Dodging
    41 | D        | Killed an ogre
    42 | D        | Reached skill level 6 in Polearms
    42 | D        | Reached XP level 5. HP: 38/56 MP: 4/4
    50 | D        | Found a snail-covered altar of Cheibriados.
    50 | D        | Found a shadowy altar of Dithmenos.
    50 | D        | Found a white marble altar of Elyvilon.
    50 | D        | Found a blossoming altar of Fedhas.
    50 | D        | Found an opulent altar of Gozag.
    51 | D        | Found a hazy altar of Hepliaklqana.
    52 | D        | Found a viscous altar of Jiyva.
    53 | D        | Found an ancient bone altar of Kikubaaqudgha.
    54 | D        | Found a corrupted altar of Lugonu.
    55 | D        | Found a burning altar of Makhleb.
    56 | D        | Found a sparkling altar of Nemelex Xobeh.
    57 | D        | Found an iron altar of Okawaru.
    58 | D        | Found a stormy altar of Qazlal.
    61 | D        | Found a sacrificial altar of Ru.
    62 | D        | Found a shimmering blue altar of Sif Muna.
    63 | D        | Found a bloodstained altar of Trog.
    64 | D        | Found a hide-covered altar of Uskayaw.
    65 | D        | Found a radiant altar of Vehumet.
    66 | D        | Found an ornate altar of the Wu Jian Council.
    69 | D        | Became a worshipper of Makhleb the Destroyer
    72 | D        | Found a shimmering altar of Xom.
    73 | D        | Found a basalt altar of Yredelemnul.
    74 | D        | Found a glowing silver altar of Zin.
    75 | D        | Found a glowing golden altar of the Shining One.
   125 | D        | Noticed a wraith
   125 | D        | Noticed a hornet
   125 | D        | Noticed a wraith
   125 | D        | Noticed a yak
   133 | D        | Killed a yak
   134 | D        | Reached skill level 7 in Polearms
   134 | D        | Reached XP level 6. HP: 60/63 MP: 4/7
   141 | D        | Killed a wraith
   142 | D        | Reached skill level 8 in Polearms
   155 | D        | HP: 3/66 [poisoned by a gnoll sergeant]
   158 | D        | HP: 1/66 [poisoned by a gnoll sergeant]
   164 | D        | Reached * piety under Makhleb
   165 | D        | Reached skill level 10 in Fighting
   165 | D        | Reached XP level 7. HP: 31/72 MP: 7/9
   168 | D        | Killed a hornet
   169 | D        | Reached skill level 9 in Polearms
   169 | D        | Reached skill level 10 in Armour
   169 | D        | Reached skill level 5 in Invocations
   175 | D        | Killed a wraith
   175 | D        | Reached ** piety under Makhleb
   381 | D        | Noticed a vampire mosquito
   381 | D        | Noticed a troll
   381 | D        | Noticed a vampire mosquito
   381 | D        | Noticed a red ugly thing
   381 | D        | Noticed a centaur warrior
   381 | D        | Noticed an efreet
   393 | D        | Killed an efreet
   394 | D        | Reached skill level 10 in Polearms
   394 | D        | Reached skill level 1 in Evocations
   394 | D        | Reached XP level 8. HP: 44/82 MP: 11/11
   398 | D        | Killed a centaur warrior
   399 | D        | Reached skill level 11 in Polearms
   400 | D        | HP: 3/124 [red ugly thing (15)]
   407 | D        | Killed a red ugly thing
   407 | D        | Reached *** piety under Makhleb
   408 | D        | Reached skill level 12 in Polearms
   408 | D        | Reached XP level 9. HP: 11/90 MP: 13/13
   417 | D        | Killed a troll
   418 | D        | Reached skill level 10 in Shields
   721 | D        | Noticed a cane toad
   721 | D        | Noticed a cane toad
   727 | D        | Reached skill level 13 in Polearms
   729 | D        | Reached **** piety under Makhleb
   732 | D        | Killed a cane toad
   735 | D        | Noticed a komodo dragon
   738 | D        | Killed a cane toad
   750 | D        | Reached ***** piety under Makhleb
   751 | D        | Reached skill level 14 in Polearms
   759 | D        | Killed a komodo dragon
   760 | D        | Reached XP level 10. HP: 101/101 MP: 15/15
   770 | D        | Noticed a cane toad
   774 | D        | Noticed an elephant
   781 | D        | Killed a cane toad
   783 | D        | Noticed a death yak
   797 | D        | Reached skill level 5 in Dodging
   801 | D        | Noticed a black mamba
   830 | D        | Killed an elephant
   830 | D        | Reached ****** piety under Makhleb
   831 | D        | Reached skill level 15 in Polearms
   840 | D        | Killed a death yak
   841 | D        | Reached skill level 10 in Invocations
   847 | D        | Killed a black mamba
  1021 | D        | Reached skill level 15 in Fighting
  1470 | D        | Reached XP level 11. HP: 101/112 MP: 18/18
  1494 | D        | Reached skill level 16 in Polearms
  1555 | D        | Noticed an orc high priest
  1565 | D        | Killed an orc high priest
  1566 | D        | Reached skill level 15 in Armour
  1718 | D        | Found Annedig's Antique Armour Boutique.
  1718 | D        | Noticed an orc knight
  1718 | D        | Noticed an orc knight
  1718 | D        | Noticed an orc knight
  1726 | D        | Noticed an orc knight
  1729 | D        | Killed an orc knight
  1844 | D        | Killed an orc knight
  2028 | D        | Killed an orc knight
  2302 | D        | Killed an orc knight
  2430 | D        | Found Ysekajuc's General Store.
  2434 | D        | Found Ybefuik's Weapon Boutique.
  2438 | D        | Found Laceoch's Assorted Antiques.
  2440 | D        | Noticed an orc sorcerer
  2442 | D        | Noticed an orc sorcerer
  2442 | D        | Noticed an orc knight
  2449 | D        | Killed an orc sorcerer
  2450 | D        | Reached skill level 17 in Polearms
  2457 | D        | Noticed a soul eater
  2465 | D        | Killed an orc sorcerer
  2723 | D        | Killed an orc knight
  3117 | D        | Noticed Eustachio
  3140 | D        | Killed Eustachio
  3184 | D        | Bought a pair of faintly humming gloves for 228 gold pieces
  3184 | D        | Identified the +1 pair of gloves of Narcissism {Int+6} (You
                  | bought it in a shop in the Dungeon)
  3186 | D        | Bought a tin of tremorstones (2/2) for 560 gold pieces
  3190 | D        | Bought a scroll of blinking for 217 gold pieces
  3190 | D        | Bought a murky yellow potion for 26 gold pieces
  3190 | D        | Bought a dark potion for 26 gold pieces
  3190 | D        | Bought a scroll labelled UMIREA SUIRUA for 29 gold pieces
  3196 | D        | Bought a glowing chain mail for 217 gold pieces
  3205 | D        | Bought 3 scrolls of fear for 147 gold pieces
  3205 | D        | Bought a potion of curing for 42 gold pieces
  3213 | D        | Bought a shiny chain mail for 180 gold pieces
  3218 | D        | Bought a glowing scale mail for 168 gold pieces
  3356 | D        | Noticed Psyche
  3375 | D        | Killed Psyche
  3562 | D        | Noticed a rakshasa
  3562 | D        | Noticed a white ugly thing
  3562 | D        | Noticed a boulder beetle
  3572 | D        | Killed a boulder beetle
  3573 | D        | Reached skill level 1 in Stealth
  3578 | D        | Killed a white ugly thing
  3608 | D        | Reached skill level 18 in Polearms
  3608 | D        | Paralysed by a floating eye for 2 turns
  3669 | D        | Killed a rakshasa
  4621 | D        | Noticed a fire giant
  4622 | D        | Noticed a stone giant
  4623 | D        | Noticed an ice dragon
  4623 | D        | Noticed a brown ugly thing
  4634 | D        | Noticed a rakshasa
  4637 | D        | Killed a fire giant
  4638 | D        | Reached skill level 1 in Unarmed Combat
  4651 | D        | Hit by a large rock thrown by a stone giant

Illustrated notes

Levels and vault maps discovered:
D:        linesprint [early_d, line_temple, items_1, d_10, items_2, lair_1,
          lair_end, items_3, orc_1, orc_end, items_4, d_15, swamp_1, shoals_1,
          snake_1, spider_1, d_20, vaults_1, items_5, swamp_end, shoals_end,
          snake_end, spider_end, vaults_end, d_27, items_6, zot_1, zot_end,
          crypt_end, forest_end, elf_end, slime_end, tomb_end, abyss_end,
          pan_hell_end]

Skill      XL: |  1  2  3  4  5  6  7  8  9 10 11 |
---------------+----------------------------------+-----
Fighting       | 6 8 9 10 11 12 13 15 17 | 17.2
Armour         | 5 6 7 8 9 10 11 12 14 16 | 16.5
Shields        | 5 6 7 8 9 10 11 12 | 12.5
Polearms       | 3 4 6 7 8 10 12 14 15 18 | 18.6
Dodging        | 1 2 3 4 5 6 |  6.4
Invocations    | 2 4 6 7 9 10 12 | 12.9
Evocations     | 1 3 4 |  4.2
Stealth        | 1 |  1.5
Unarmed Combat | 1 |  1.0

Action                   |  1- 3 |  4- 6 |  7- 9 | 10-12 || total
-------------------------+-------+-------+-------+-------++-------
Melee: Trident           |    21 |    11 |       |       ||    32
       Headbutt          |     2 |     4 |    19 |    81 ||   106
       Halberd           |       |    18 |     8 |       ||    26
       Spear             |       |       |    59 |   241 ||   300
       Glaive            |       |       |       |   123 ||   123
       Unarmed           |       |       |       |     5 ||     5
Invok: Lesser Servant of |       |       |     1 |       ||     1
Evoke: Wand              |       |     1 |     6 |       ||     7
       Piece from Xom's  |       |       |       |     1 ||     1
       Tin of tremorston |       |       |       |     1 ||     1
  Use: Potion            |     1 |     5 |     3 |     3 ||    12
       Scroll            |       |     1 |     1 |     4 ||     6
Armor: Scale mail        |     7 |     3 |       |       ||    10
       Chain mail        |       |    17 |    14 |    77 ||   108
Dodge: Dodged            |     7 |    14 |    13 |    74 ||   108
Block: Buckler           |     5 |     3 |     8 |    31 ||    47

Table legend: (Time is in decaauts)
 A = Elapsed time spent in this place.
 B = Non-inter-level travel time spent in this place.
 C = Inter-level travel time spent in this place.
 D = Time resting spent in this place.
 E = Time spent auto-exploring this place.
 F = Levels seen in this place.
 G = Mean time per level.
                   A        B        C        D        E       F      G
               +--------+--------+--------+--------+--------+-----+--------+
         Total |   4516 |   4479 |     37 |    788 |   2247 |   1 | 4516.0 |
       Dungeon |   4516 |   4479 |     37 |    788 |   2247 |   1 | 4516.0 |
               +--------+--------+--------+--------+--------+-----+--------+

Top non-repeatable levels by time:
       D: 4516 daAuts
